Map: Vigía EE

Players

MrFercho

  • Race: Zerg Zerg
  • League: Silver
  • Spawn Location: 6:00

tigro

  • Race: Terran Terran
  • Spawn Location: 5:00

TATORREA

  • Race: Protoss Protoss
  • League: Silver
  • Spawn Location: 5:00

Spartan

  • Race: Zerg Zerg
  • League: Diamond
  • Spawn Location: 12:00

Seraph

  • Race: Protoss Protoss
  • Spawn Location: 9:00

Jake

  • Race: Terran Terran
  • League: Platinum
  • Spawn Location: 9:00

VOD

Have the link to the VOD?

Description

Time

  • Played on: May 14, 2020, 9:12 p.m.
  • Length: 12:12
Show
View Real Time Build Order
Export as new Build Order

MrFercho Zerg 

Build Orders: Pool First 

Get SALT Encoding   

  12  0:02  Drone  
  13  0:15  Overlord  
  13  0:19  Drone  
  14  0:33  Drone x2  
  16  0:46  Drone  
  16  0:48  Drone  
  18  0:55  Spawning Pool  
  17  1:04  Drone  
  18  1:34  Drone  
  18  1:35  Drone x2  
  18  1:36  Hatchery  
  20  1:41  Extractor  
  19  1:53  Drone  
  20  2:11  Drone x2  
  22  2:26  Overlord  
  22  2:36  Extractor  
  21  3:05  Queen  
  21  3:12  Zergling x6  
  26  3:27  Hatchery  
  26  3:29  Roach Warren  
  26  3:33  Baneling Nest  
  24  3:34  Drone x2  
  24  3:37  Drone x3  
  28  3:46  Lair  
  28  3:52  Drone  
  29  3:58  Metabolic Boost  
  29  4:04  Drone  
  29  4:05  Drone  
  29  4:06  Queen  
  33  4:13  Drone  
  33  4:14  Drone  
  35  4:51  Hatchery  
  34  4:54  Drone  
  34  4:55  Drone x4  
  39  5:02  Extractor  
  39  5:04  Extractor  
  37  5:07  Roach x2  
  37  5:09  Zergling x2  
  37  5:10  Overlord  
  42  5:15  Overlord x2  
  42  5:24  Hatchery  
  42  5:27  Hatchery  
  40  5:33  Spire  
  39  5:40  Infestation Pit  
  39  5:50  Drone x8  
  46  6:05  Overlord x2  
  46  6:20  Drone x2  
  46  6:24  Drone x2  
  50  6:47  Zerg Flyer Weapons Level 1  
  50  6:55  Mutalisk  
  50  6:56  Mutalisk x2  
  56  7:13  Mutalisk x2  
  45  7:28  Drone  
  45  7:29  Drone x2  
  47  8:02  Hatchery  
  47  8:03  Queen, Drone x3  
  51  8:05  Hatchery  
  51  8:07  Hatchery  
  51  8:09  Drone x6  
  45  8:42  Zerg Flyer Armor Level 1  
  45  8:51  Mutalisk x4  
  45  8:52  Mutalisk x2  
  41  9:10  Corruptor  
  43  9:37  Corruptor  
  43  9:38  Corruptor  
  47  10:06  Hatchery  
Show
View Real Time Build Order
Export as new Build Order

tigro Terran 

Build Orders:  

Get SALT Encoding   

  12  0:03  SCV  
  13  0:15  SCV  
  14  0:22  Supply Depot  
  14  0:28  SCV  
  15  0:32  Refinery  
  15  0:43  SCV  
  16  0:55  SCV  
  17  1:02  Barracks  
  17  1:08  SCV  
  18  1:20  SCV, Refinery  
  19  1:32  SCV  
  20  1:34  Supply Depot  
  20  1:44  SCV  
  21  1:51  Marine  
  22  2:03  Barracks  
  22  2:08  Marine  
  22  2:13  Engineering Bay  
  22  2:15  SCV  
  24  2:26  Marine  
  24  2:27  SCV  
  26  2:39  SCV  
  27  2:44  Marine  
  27  2:51  Factory  
  28  2:52  Barracks Tech Lab  
  28  3:02  Marine  
  29  3:17  Missile Turret  
  29  3:38  Missile Turret  
  29  3:42  Barracks Tech Lab  
  29  3:43  Combat Shield  
  29  3:48  Orbital Command  
  29  3:50  Terran Infantry Weapons Level 1  
  29  3:56  Factory Tech Lab  
  29  4:28  Command Center  
  29  4:34  Stimpack  
  29  4:43  Marauder  
  31  5:01  Supply Depot  
  31  5:02  Concussive Shells  
  31  5:22  Marine, Cyclone  
  35  5:30  Starport  
  35  5:32  SCV  
  36  5:39  Marine  
  36  5:40  Armory  
  37  5:45  Terran Infantry Armor Level 1  
  37  5:52  Refinery  
  37  5:57  Marine  
  38  6:08  Starport  
  38  6:13  Planetary Fortress  
  38  6:15  Marine  
  39  6:29  Medivac  
  41  6:33  Marine  
  42  6:50  SCV  
  43  6:57  Starport Tech Lab  
  43  7:02  SCV  
  43  7:06  Starport Tech Lab  
  44  7:14  SCV  
  45  7:22  Fusion Core  
  45  7:26  SCV  
  43  7:38  SCV  
  43  7:39  Neosteel Armor  
  43  7:43  Missile Turret  
  44  7:50  SCV  
  45  7:58  Refinery  
  45  8:02  SCV  
  45  8:03  Missile Turret  
  46  8:14  SCV  
  47  8:20  Command Center  
  47  8:27  SCV  
  48  8:31  Missile Turret  
  48  8:36  Battlecruiser  
  48  8:39  SCV  
  55  8:42  Battlecruiser  
  61  8:50  Missile Turret  
  61  8:51  SCV  
  62  8:55  Terran Vehicle Weapons Level 1  
  62  9:19  Hi-Sec Auto Tracking  
  62  9:35  Missile Turret  
  62  9:55  Missile Turret  
  62  10:04  Planetary Fortress  
  62  10:11  Refinery  
  68  10:21  Battlecruiser  
  68  10:36  Refinery  
  38  11:49  Factory Tech Lab  
  38  11:50  Marine  
  20  12:12  Missile Turret  
Show
View Real Time Build Order
Export as new Build Order

TATORREA Protoss 

Build Orders:  

Get SALT Encoding   

  12  0:02  Probe  
  13  0:14  Probe  
  14  0:32  Probe  
  15  0:35  Pylon  
  15  0:45  Assimilator  
  15  0:53  Probe  
  16  1:42  Probe  
  17  1:58  Probe  
  17  1:59  Gateway  
  18  2:02  Gateway  
  18  2:08  Nexus  
  18  2:44  Probe  
  18  2:47  Assimilator  
  19  2:56  Probe  
  20  3:09  Cybernetics Core  
  20  3:12  Pylon  
  20  3:17  Pylon  
  20  3:21  Probe  
  21  3:33  Probe  
  22  3:43  Probe  
  22  3:46  Probe  
  24  3:49  Stalker x2  
  24  3:53  Warp Gate  
  24  3:55  Probe  
  29  3:58  Probe  
  30  4:03  Pylon  
  30  4:07  Probe  
  31  4:10  Probe  
  32  4:19  Probe  
  32  4:22  Probe  
  34  4:25  Forge  
  34  4:28  Stargate  
  34  4:31  Probe  
  34  4:36  Stalker  
  37  4:39  Stalker  
  39  4:50  Probe  
  40  4:54  Probe  
  41  5:02  Probe  
  41  5:07  Probe  
  43  5:12  Oracle  
  46  5:14  Probe  
  46  5:16  Assimilator  
  46  5:19  Robotics Facility, Probe  
  48  5:23  Assimilator  
  48  5:26  Probe  
  49  5:31  Probe  
  50  5:38  Probe  
  50  5:39  Twilight Council  
  51  5:43  Pylon, Probe  
  51  5:46  Pylon  
  51  5:47  Protoss Air Weapons Level 1  
  52  5:50  Pylon, Probe  
  52  5:55  Pylon  
  53  5:58  Void Ray  
  53  5:59  Pylon  
  53  6:03  Probe  
  58  6:07  Pylon  
  58  6:15  Probe  
  58  6:16  Stalker x2  
  63  6:24  Immortal  
  64  6:56  Stalker x2  
  64  6:59  Void Ray  
  72  7:02  Protoss Ground Weapons Level 1  
  72  7:35  Stalker x2  
  76  7:40  Immortal  
  76  7:42  Void Ray  
  84  7:46  Robotics Bay  
  52  8:44  Void Ray  
  56  8:53  Gateway  
  56  8:56  Gateway  
  56  8:58  Gateway  
  56  9:01  Gateway  
  56  9:04  Gateway  
  56  9:05  Gateway  
  56  9:08  Gateway  
  56  9:14  Gateway  
  56  9:19  Nexus  
  56  9:22  Assimilator  
  56  9:25  Assimilator  
  56  9:26  Stalker x2  
  56  9:28  Colossus  
  66  9:38  Fleet Beacon  
  66  9:48  Probe  
  67  10:00  Probe  
  67  10:01  Probe  
  69  10:08  Stalker x2  
  69  10:11  Stalker  
  69  10:12  Probe  
  69  10:13  Probe  
  77  10:22  Stalker x3  
  77  10:23  Stalker x3  
  77  10:24  Stalker  
  77  10:25  Probe  
  83  10:47  Stalker x2  
  83  10:48  Stalker x2  
  89  10:51  Stalker  
  89  10:55  Stalker  
  10  11:48  Stalker  
Show
View Real Time Build Order
Export as new Build Order

Spartan Zerg 

Build Orders: Hatch First, Muta Ling Bane 

Get SALT Encoding   

  12  0:01  Drone  
  13  0:15  Overlord  
  13  0:19  Drone  
  14  0:34  Drone  
  14  0:35  Drone  
  16  0:54  Hatchery  
  15  0:59  Drone x2  
  17  1:05  Extractor  
  17  1:07  Drone  
  17  1:21  Spawning Pool  
  17  1:23  Drone  
  17  1:29  Drone  
  18  1:35  Drone  
  19  1:42  Overlord  
  19  1:55  Drone  
  20  2:06  Drone  
  20  2:07  Queen  
  23  2:09  Drone  
  23  2:11  Metabolic Boost  
  24  2:17  Drone  
  24  2:20  Drone  
  27  2:30  Drone  
  27  2:32  Drone  
  27  2:36  Baneling Nest  
  27  2:39  Drone  
  28  2:47  Queen  
  28  2:49  Overlord  
  30  2:53  Drone  
  30  2:54  Drone  
  32  3:06  Drone  
  32  3:08  Drone  
  32  3:09  Drone  
  35  3:15  Lair  
  35  3:16  Drone x2  
  35  3:19  Drone  
  38  3:21  Drone  
  38  3:23  Queen, Drone  
  42  3:27  Extractor  
  42  3:33  Spore Crawler  
  40  3:36  Zergling x4  
  42  3:42  Overlord, Drone  
  43  3:55  Drone  
  44  3:58  Baneling x2  
  44  4:03  Drone x3  
  44  4:05  Extractor  
  44  4:07  Extractor  
  45  4:10  Spore Crawler  
  44  4:17  Drone  
  44  4:18  Spire  
  44  4:28  Drone  
  44  4:30  Zergling x4  
  47  4:34  Hatchery, Drone  
  47  4:35  Drone x3  
  50  4:39  Zergling x2, Drone  
  50  4:40  Overlord  
  50  4:42  Overlord  
  52  5:02  Drone x3  
  55  5:10  Overlord  
  55  5:12  Overlord  
  55  5:24  Zergling x6  
  58  5:28  Overlord  
  58  5:29  Overlord  
  58  5:30  Mutalisk  
  58  5:34  Mutalisk  
  62  5:52  Mutalisk x3  
  62  5:53  Mutalisk  
  62  5:55  Mutalisk x3  
  76  6:02  Zerg Flyer Weapons Level 1  
  76  6:05  Queen  
  76  6:06  Drone x2  
  80  6:23  Mutalisk  
  80  6:24  Mutalisk  
  80  6:25  Zergling x4  
  86  6:26  Zergling x10  
  86  6:31  Drone x3  
  86  6:32  Evolution Chamber x2  
  92  6:33  Extractor  
  92  6:35  Extractor  
  92  6:36  Mutalisk  
  93  6:40  Drone  
  93  6:41  Queen  
  93  6:42  Drone  
  93  6:44  Mutalisk  
  98  6:55  Mutalisk  
  98  6:56  Overlord x3  
  100  7:11  Baneling  
  100  7:12  Baneling x2  
  99  7:33  Mutalisk x4  
  99  7:36  Zergling x6  
  99  7:37  Zergling x6  
  113  7:47  Drone  
  113  7:48  Drone x3  
  113  7:49  Drone  
  113  7:50  Overlord  
  113  7:51  Overlord x4  
  112  7:53  Zerg Melee Weapons Level 1  
  112  7:57  Zerg Ground Armor Level 1  
  105  8:10  Baneling x2  
  105  8:11  Baneling x2  
  105  8:20  Mutalisk  
  107  8:40  Mutalisk x2  
  107  8:41  Mutalisk  
  111  8:43  Zergling x8  
  111  8:44  Zergling x4  
  119  8:49  Drone x4  
  119  8:50  Drone x2  
  119  8:51  Spore Crawler  
  119  8:54  Spine Crawler  
  123  8:56  Spine Crawler  
  122  9:09  Mutalisk x2  
  122  9:10  Mutalisk x2  
  122  9:12  Zergling x4  
  122  9:13  Zergling x4  
  122  9:14  Zergling x2  
  135  9:21  Zergling x10  
  140  9:30  Zergling x4  
  140  9:31  Zergling x4  
  144  9:33  Zerg Flyer Armor Level 1  
  144  9:38  Infestation Pit  
  143  9:59  Centrifical Hooks  
  143  10:02  Zergling x6  
  143  10:03  Overlord  
  143  10:04  Overlord x2  
  143  10:06  Overlord x4  
  146  10:12  Hatchery  
  119  11:04  Mutalisk x5  
  119  11:07  Mutalisk x3  
  119  11:08  Mutalisk x2  
  119  11:10  Zergling x8  
  119  11:11  Zergling x10  
  143  11:49  Zergling x8  
  143  11:50  Zergling x8  
  143  11:51  Zergling x6  
Show
View Real Time Build Order
Export as new Build Order

Seraph Protoss 

Build Orders: 1 Gate Expand, Double Forge 

Get SALT Encoding   

  12  0:02  Probe  
  13  0:14  Probe  
  13  0:20  Pylon  
  14  0:27  Probe  
  15  0:39  Probe (Chrono Boost)  
  15  0:41  Gateway  
  17  0:50  Probe (Chrono Boost)  
  17  1:03  Probe (Chrono Boost)  
  18  1:08  Assimilator  
  18  1:15  Probe (Chrono Boost)  
  19  1:22  Probe (Chrono Boost)  
  20  1:29  Probe  
  21  1:35  Nexus  
  21  1:50  Pylon  
  21  1:58  Forge  
  21  2:03  Cybernetics Core  
  21  2:11  Pylon  
  21  2:29  Probe (Chrono Boost)  
  21  2:34  Assimilator, Zealot  
  23  2:39  Probe (Chrono Boost)  
  23  2:42  Pylon  
  24  2:46  Pylon  
  24  2:48  Pylon, Probe  
  25  3:02  Probe  
  26  3:06  Warp Gate (Chrono Boost)  
  26  3:12  Stalker  
  28  3:20  Forge  
  28  3:29  Gateway x2, Protoss Ground Weapons Level 1 (Chrono Boost)  
  28  3:36  Gateway  
  28  3:44  Probe x2  
  30  3:53  Gateway  
  30  3:57  Protoss Ground Armor Level 1 (Chrono Boost)  
  30  4:03  Probe x2  
  30  4:09  Zealot  
  34  4:15  Probe x2  
  36  4:29  Zealot  
  36  4:30  Stalker, Zealot  
  42  4:37  Assimilator  
  42  4:41  Pylon  
  42  4:42  Assimilator  
  42  4:58  Stalker  
  42  4:59  Stalker  
  46  5:07  Pylon  
  46  5:16  Probe x2 (Chrono Boost)  
  48  5:26  Probe (Chrono Boost), Protoss Shields Level 1 (Chrono Boost)  
  48  5:27  Probe (Chrono Boost)  
  48  5:28  Twilight Council  
  50  5:31  Probe x2 (Chrono Boost)  
  52  5:42  Probe  
  53  5:54  Nexus  
  53  5:56  Pylon  
  53  6:12  Robotics Facility  
  53  6:14  Gateway, Charge (Chrono Boost)  
  53  6:16  Pylon  
  53  6:26  Protoss Ground Weapons Level 2 (Chrono Boost)  
  53  6:27  Probe x2  
  55  6:39  Probe x2  
  57  6:55  Zealot x2  
  57  6:56  Zealot x2  
  57  6:58  Stalker  
  67  7:31  Stalker x5  
  67  7:32  Stalker  
  67  7:36  Protoss Ground Armor Level 2  
  79  7:41  Observer  
  80  7:44  Blink (Chrono Boost)  
  80  7:45  Probe  
  80  7:46  Probe x2  
  83  7:51  Pylon  
  83  7:55  Assimilator  
  83  7:57  Assimilator  
  83  7:58  Probe x3  
  86  8:03  Templar Archives  
  86  8:10  Probe  
  87  8:13  Zealot x3  
  87  8:14  Zealot x2  
  93  8:46  Stalker  
  93  8:47  Stalker x5  
  105  9:17  Stalker x5  
  105  9:18  Stalker  
  117  9:25  Pylon  
  117  9:26  Pylon  
  117  9:28  Gateway x2  
  117  9:30  Gateway  
  117  9:31  Gateway  
  117  9:39  Gateway  
  117  10:40  Stalker x3  
  117  10:41  Stalker x2  
  117  10:42  Stalker  
  120  11:44  Zealot x5  
  120  11:45  Zealot  
  132  11:50  Pylon  
  132  11:51  Pylon  
  132  11:54  Pylon  
  132  11:55  Photon Cannon  
  132  11:57  Probe  
  132  11:58  Photon Cannon  
  132  11:59  Photon Cannon  
  133  12:03  Pylon x2  
  133  12:05  Pylon  
  133  12:09  Pylon x2  
Show
View Real Time Build Order
Export as new Build Order

Jake Terran 

Build Orders:  

Get SALT Encoding   

  12  0:01  SCV  
  13  0:13  SCV  
  14  0:25  SCV  
  14  0:26  Supply Depot  
  15  0:44  Refinery  
  15  0:48  SCV  
  15  0:49  Barracks  
  16  1:00  SCV  
  17  1:12  SCV  
  18  1:24  SCV  
  19  1:36  SCV  
  19  1:38  Marine  
  19  1:39  Supply Depot  
  21  1:52  Factory  
  21  1:53  Orbital Command  
  21  1:59  Marine  
  22  2:05  Bunker  
  22  2:10  Refinery  
  22  2:19  SCV  
  23  2:26  Marine  
  24  2:31  SCV  
  25  2:44  Factory Tech Lab  
  25  2:45  Marine  
  26  2:56  SCV  
  27  2:58  Command Center  
  27  3:02  Marine  
  27  3:05  Siege Tank  
  31  3:08  Barracks  
  31  3:14  Supply Depot  
  31  3:36  SCV  
  31  3:37  Supply Depot, Siege Tank  
  36  3:48  SCV  
  36  3:55  Barracks Tech Lab  
  36  4:05  Supply Depot, SCV  
  37  4:10  Barracks Reactor  
  37  4:15  Orbital Command  
  37  4:19  Stimpack  
  37  4:26  Marauder  
  37  4:28  Siege Tank  
  42  4:34  Starport  
  42  4:35  Orbital Command  
  42  4:38  SCV  
  43  4:39  Barracks  
  43  4:47  Marine  
  43  4:49  Marine x2  
  43  4:50  SCV  
  47  5:07  SCV x2  
  49  5:17  Medivac, Engineering Bay  
  49  5:19  SCV x2  
  53  5:27  Barracks Reactor  
  53  5:31  SCV  
  53  5:32  SCV  
  55  5:35  Refinery  
  55  5:38  Marine x2  
  55  5:39  Marine  
  61  5:42  Siege Tank  
  61  5:43  SCV  
  61  5:47  Supply Depot  
  62  5:51  SCV  
  62  5:53  Missile Turret  
  62  5:55  SCV  
  62  5:56  Missile Turret  
  64  5:57  Marine  
  64  5:58  Marine x2  
  64  6:03  Combat Shield  
  67  6:04  SCV  
  67  6:06  Marine x2  
  67  6:09  Terran Infantry Weapons Level 1  
  70  6:11  Supply Depot  
  70  6:18  Supply Depot  
  70  6:20  Starport Reactor, Engineering Bay  
  70  6:25  SCV x2  
  72  6:37  SCV x2  
  72  6:38  Supply Depot  
  74  6:46  Barracks  
  73  6:49  SCV  
  73  7:00  SCV, Missile Turret  
  74  7:01  SCV  
  74  7:03  Marauder, Marine x3  
  74  7:04  Marine  
  74  7:07  Medivac x2  
  85  7:12  SCV  
  85  7:14  SCV  
  87  7:21  Marine  
  88  7:36  Marauder, Barracks Reactor, Marine  
  91  7:38  SCV x2  
  91  7:41  Medivac x2  
  97  7:46  Terran Infantry Armor Level 1  
  97  7:48  Barracks  
  97  7:51  Armory  
  97  7:52  Barracks  
  97  7:59  Concussive Shells  
  97  8:00  Marine x2  
  97  8:01  Marauder, Marine  
  102  8:06  Supply Depot  
  102  8:09  Supply Depot  
  102  8:27  Marine  
  101  8:46  SCV x2  
  103  8:52  Refinery  
  103  8:58  SCV x2  
  103  9:00  Siege Tank  
  103  9:01  Marauder, Barracks Tech Lab  
  103  9:02  Barracks Reactor, Marine x4  
  111  9:03  Marine x2  
  116  9:10  Terran Infantry Weapons Level 2  
  116  9:11  Supply Depot  
  116  9:12  Supply Depot  
  116  9:15  Command Center  
  116  9:20  Marine  
  117  9:26  Marine  
  118  9:32  Marine x6  
  124  9:39  Marine x3  
  127  10:16  Marauder x2, Marine x3, Missile Turret  
  127  10:19  Missile Turret  
  127  10:20  Missile Turret  
  134  10:25  Marine  
  134  10:26  Supply Depot x2, Marine  
  134  10:27  Marine x3  
  136  10:34  Marine  
  137  10:44  Missile Turret  
  137  10:45  SCV x3  
  140  11:01  Planetary Fortress  
  115  11:49  Marauder, Marine x7  
Tags
 
Add a new tag
Caveats
  • Supply blocks, unpowered buildings, or Contaminate may cause inaccurate times.
  • Supply counts are checked every 10 seconds.